Map: [ESL] Moondance

Players

Reynor

  • Race: Zerg Zerg
  • Spawn Location: 12:00

Astrea - Winner!

  • Race: Protoss Protoss
  • League: Master
  • Spawn Location: 6:00

Event: HomeStory Cup XXI

VOD

Have the link to the VOD?

Description

Time

  • Played on: July 23, 2022, 12:29 p.m.
  • Length: 10:41

All games in this series

Show
View Real Time Build Order
Export as new Build Order

Reynor Zerg 

Build Orders: Hatch First 

Get SALT Encoding   

  12  0:00  Drone  
  13  0:12  Overlord  
  13  0:16  Drone  
  14  0:30  Drone x2  
  17  0:42  Drone  
  17  0:51  Hatchery  
  17  0:54  Drone  
  17  0:58  Drone  
  18  1:10  Extractor  
  17  1:14  Spawning Pool  
  17  1:17  Drone  
  17  1:20  Drone  
  18  1:27  Drone  
  19  1:38  Drone  
  20  1:49  Overlord  
  20  2:00  Drone  
  21  2:02  Queen  
  21  2:03  Queen, Drone  
  26  2:10  Zergling x2  
  26  2:14  Metabolic Boost  
  26  2:15  Zergling x2  
  28  2:21  Drone  
  29  2:24  Drone  
  30  2:36  Drone  
  31  2:37  Zergling x2  
  31  2:40  Hatchery  
  31  2:47  Zergling x2  
  31  2:48  Overlord  
  32  2:53  Queen  
  32  2:57  Zergling x2  
  35  3:02  Drone  
  36  3:06  Overlord  
  35  3:13  Drone  
  35  3:14  Drone x3  
  38  3:23  Drone  
  38  3:25  Drone  
  38  3:29  Drone  
  38  3:31  Drone  
  40  3:37  Queen  
  40  3:40  Drone  
  43  3:42  Drone  
  43  3:48  Drone  
  45  3:52  Drone x2  
  47  3:56  Queen  
  47  4:00  Zergling x6  
  52  4:03  Zergling x2  
  52  4:04  Zergling x2  
  52  4:06  Zergling x2  
  55  4:11  Overlord  
  55  4:14  Zergling x4  
  57  4:21  Drone  
  58  4:25  Roach Warren, Overlord  
  58  4:26  Drone  
  58  4:30  Drone x4  
  61  4:35  Overlord  
  61  4:37  Zergling x4  
  63  4:41  Zergling x4  
  65  4:46  Zergling x2  
  65  4:48  Zergling x2  
  65  4:49  Zergling x6  
  70  4:54  Overlord  
  70  4:56  Spore Crawler  
  69  5:02  Drone x3  
  69  5:03  Drone  
  69  5:06  Roach x2  
  69  5:07  Roach  
  79  5:11  Drone  
  79  5:12  Spore Crawler  
  79  5:13  Spore Crawler  
  78  5:18  Drone  
  78  5:19  Drone  
  78  5:22  Drone  
  78  5:24  Drone  
  78  5:27  Lair  
  79  5:28  Extractor  
  79  5:30  Drone x2  
  79  5:31  Drone  
  79  5:32  Drone  
  82  5:37  Drone  
  82  5:38  Drone x2  
  82  5:39  Drone  
  85  5:43  Extractor  
  85  5:44  Evolution Chamber, Extractor  
  85  5:45  Drone x2  
  84  5:51  Roach  
  84  5:53  Overlord  
  84  5:54  Drone  
  87  6:00  Drone  
  87  6:02  Extractor  
  87  6:03  Extractor  
  86  6:05  Drone x3  
  86  6:06  Overlord  
  89  6:13  Zerg Missile Weapons Level 1, Drone x2  
  89  6:14  Drone x3  
  89  6:15  Roach  
  89  6:16  Overlord  
  96  6:19  Overlord  
  96  6:20  Drone  
  96  6:25  Overseer  
  97  6:26  Drone x2  
  97  6:28  Glial Reconstitution  
  99  6:35  Drone x3  
  99  6:36  Drone  
  103  6:46  Roach x3  
  109  6:47  Overlord  
  109  6:48  Drone  
  109  6:49  Drone x2  
  109  6:51  Queen  
  114  6:55  Overlord  
  114  6:56  Queen  
  113  7:03  Drone x3  
  113  7:06  Drone  
  113  7:07  Drone x2  
  117  7:08  Spore Crawler  
  117  7:09  Overlord  
  117  7:11  Infestation Pit, Drone  
  117  7:12  Drone  
  110  7:18  Drone x4  
  110  7:21  Overlord  
  112  7:24  Queen  
  112  7:26  Overlord  
  114  7:34  Drone  
  114  7:36  Drone x2  
  114  7:44  Roach x2  
  114  7:45  Queen  
  114  7:49  Hive  
  114  7:51  Hatchery  
  114  7:53  Spore Crawler  
  114  7:54  Spore Crawler, Infestor  
  114  7:55  Infestor  
  115  7:59  Drone x2  
  116  8:06  Drone x3  
  116  8:08  Zerg Missile Weapons Level 2  
  114  8:14  Drone x5  
  114  8:17  Drone  
  114  8:18  Queen, Hydralisk Den  
  120  8:20  Overlord  
  120  8:28  Drone x5  
  120  8:31  Ravager x2  
  120  8:33  Overlord  
  127  8:36  Roach x3  
  127  8:38  Overlord, Ravager x4  
  137  8:42  Overlord  
  137  8:51  Roach  
  137  8:52  Roach x3  
  145  9:01  Roach  
  145  9:02  Roach x2  
  150  9:03  Roach x3  
  143  9:12  Roach x4  
  137  9:17  Roach x3  
  137  9:19  Queen x2  
  137  9:21  Roach  
  134  9:25  Roach  
  134  9:27  Roach x2  
  134  9:30  Queen  
  124  9:32  Roach x5  
  124  9:36  Roach x2  
  121  9:39  Roach x2  
  121  9:43  Roach x2  
  123  9:45  Roach x2  
  123  9:48  Roach  
  123  9:52  Roach x2  
  121  9:58  Roach x3  
  123  10:02  Roach x3  
  123  10:04  Roach  
  123  10:06  Roach  
  129  10:08  Roach  
  129  10:11  Roach  
  121  10:14  Ravager x2  
  121  10:15  Roach  
  121  10:16  Roach  
  121  10:18  Roach  
Show
View Real Time Build Order
Export as new Build Order

Astrea Protoss - Winner!

Build Orders: 1 Gate Expand 

Get SALT Encoding   

  12  0:00  Probe  
  13  0:12  Probe  
  14  0:18  Pylon  
  14  0:24  Probe  
  15  0:36  Probe (Chrono Boost)  
  15  0:38  Gateway  
  16  0:46  Probe (Chrono Boost)  
  16  0:49  Assimilator  
  17  0:51  Probe (Chrono Boost)  
  18  1:03  Probe  
  19  1:15  Probe  
  20  1:25  Cybernetics Core  
  20  1:33  Nexus  
  20  1:36  Probe  
  21  1:43  Pylon  
  21  1:49  Probe  
  21  1:53  Assimilator  
  22  1:59  Adept (Chrono Boost)  
  22  2:00  Warp Gate (Chrono Boost)  
  22  2:01  Probe  
  25  2:13  Probe  
  26  2:19  Adept (Chrono Boost)  
  28  2:25  Probe  
  29  2:37  Probe  
  30  2:45  Stalker, Probe  
  30  2:49  Probe  
  34  2:51  Gateway x2  
  34  2:59  Probe  
  34  3:01  Probe  
  36  3:06  Twilight Council  
  36  3:11  Probe  
  37  3:14  Probe  
  38  3:23  Probe  
  38  3:26  Pylon, Probe  
  40  3:35  Probe  
  40  3:40  Probe  
  40  3:41  Resonating Glaives (Chrono Boost), Adept  
  42  3:47  Adept x2  
  49  3:55  Nexus  
  49  3:58  Pylon  
  49  4:00  Probe x2  
  50  4:07  Adept  
  50  4:08  Adept  
  54  4:16  Probe x2  
  56  4:18  Assimilator  
  56  4:20  Adept  
  58  4:28  Probe x2  
  58  4:29  Adept  
  62  4:31  Pylon  
  62  4:33  Pylon  
  62  4:37  Assimilator  
  62  4:38  Pylon  
  62  4:43  Stargate  
  62  4:48  Stargate  
  62  4:51  Probe x2  
  64  5:02  Shield Battery  
  64  5:03  Stalker, Pylon  
  68  5:07  Probe x3 (Chrono Boost)  
  69  5:16  Probe (Chrono Boost)  
  69  5:18  Probe x2 (Chrono Boost)  
  72  5:21  Probe (Chrono Boost)  
  72  5:27  Probe x2, Phoenix (Chrono Boost)  
  73  5:29  Adept x3  
  73  5:35  Phoenix (Chrono Boost)  
  81  5:37  Probe  
  81  5:41  Probe  
  83  5:43  Probe  
  83  5:49  Probe  
  87  5:50  Phoenix (Chrono Boost)  
  87  5:51  Phoenix (Chrono Boost)  
  87  5:53  Probe  
  87  5:55  Probe  
  91  5:58  Pylon  
  91  6:01  Probe  
  91  6:03  Pylon  
  92  6:05  Probe  
  92  6:06  Assimilator  
  92  6:07  Forge  
  93  6:12  Phoenix (Chrono Boost)  
  93  6:15  Charge, Phoenix (Chrono Boost)  
  97  6:18  Robotics Facility  
  97  6:27  Gateway  
  97  6:28  Gateway  
  97  6:30  Phoenix (Chrono Boost)  
  99  6:33  Phoenix (Chrono Boost)  
  99  6:35  Protoss Ground Weapons Level 1 (Chrono Boost)  
  101  6:41  Gateway x2  
  101  6:51  Gateway  
  101  6:53  Pylon  
  101  6:58  Phoenix x2  
  103  7:07  Adept x3  
  105  7:26  Templar Archives, Pylon  
  105  7:27  Pylon, Gateway  
  105  7:29  Observer (Chrono Boost)  
  106  7:31  Gateway  
  106  7:45  Pylon x2  
  106  7:47  Warp Prism (Chrono Boost)  
  106  7:50  Sentry, Zealot x5  
  120  7:59  Nexus  
  120  8:02  Pylon  
  120  8:06  Pylon  
  120  8:13  Immortal (Chrono Boost)  
  120  8:16  High Templar x2, Zealot  
  120  8:17  Zealot x4  
  138  8:23  Archon  
  138  8:24  Photon Cannon  
  138  8:26  Shield Battery  
  138  8:27  High Templar x2  
  138  8:28  Zealot  
  138  8:32  Archon  
  144  8:43  Stalker  
  144  8:45  Immortal  
  150  8:54  Zealot  
  150  8:55  Zealot x3  
  158  9:09  Zealot x6  
  158  9:16  Zealot x2  
  144  9:22  Zealot x2  
  144  9:23  Probe x2  
  136  9:25  Probe x2  
  136  9:31  Zealot x2  
  123  9:38  Zealot x3  
  123  9:43  Zealot x2  
  125  9:50  Zealot x3  
  121  10:04  Zealot x7  
  121  10:16  Zealot x3  
  121  10:18  Probe x2  
  125  10:23  Probe  
  125  10:27  Probe  
Tags
 
Add a new tag
Caveats
  • Supply blocks, unpowered buildings, or Contaminate may cause inaccurate times.
  • Supply counts are checked every 10 seconds.